 Dungeon Sprint DCSS version 0.27-a0-463-gec7707c53d (webtiles) character file.

Game seed: 6820788841436419691

4666 mhtbhm the Severer (level 10, -2/102 HPs)
             Began as a Minotaur Fighter on Mar 1, 2021.
             Was the Champion of Trog.
             Slain by an iron troll (9 damage)
             ... in the Dungeon (Sprint VII: "The Pits").
             The game lasted 00:01:47 (877 turns).

mhtbhm the Severer (Minotaur Fighter)                Turns: 877, Time: 00:01:47

Health: -2/102     AC: 15    Str: 26    XL:     10   Next: 20%
Magic:  3/3        EV: 13    Int:  5    God:    Trog [******]
Gold:   0          SH: 14    Dex: 14    Spells: 9/9 levels left

rFire    . . .     SeeInvis .   a - +6 broad axe (antimagic)
rCold    . . .     Faith    .   c - +0 kite shield
rNeg     . . .     Spirit   .   b - +5 ring mail
rPois    .         Reflect  .   (helmet restricted)
rElec    .         Harm     .   (no cloak)
rCorr    .         Rampage  .   q - +0 pair of gloves
Will     .....     NoTele   +   r - +0 pair of boots
Stlth    +.........             (no amulet)
HPRegen  0.27/turn              m - +3 ring of strength
MPRegen  0.08/turn              n - +3 ring of dexterity

@: berserk cooldown, slowed, very slow
A: retaliatory headbutt, horns 2
a: Renounce Religion, Berserk, Trog's Hand, Brothers in Arms


You were in the Dungeon.
You worshipped Trog.
Trog was exalted by your worship.
You visited 1 branch

Inventory:

Hand Weapons
 a - a +6 antimagic broad axe (weapon)
Armour
 b - a +5 ring mail (worn)
 c - a +0 kite shield (worn)
 q - a +0 pair of gloves (worn)
 r - a +0 pair of boots (worn)
Jewellery
 m - a +3 ring of strength (left hand)
 n - a +3 ring of dexterity (right hand)
Scrolls
 j - a scroll of blinking
 l - a scroll of summoning
Potions
 d - a potion of might
 e - 8 potions of curing
 f - 10 potions of heal wounds
 g - 2 potions of haste
 h - 4 potions of magic
 i - 4 potions of berserk rage
 k - 2 potions of invisibility
 o - 2 potions of resistance
 p - 2 potions of mutation


   Skills:
 + Level 13.7 Fighting
 + Level 17.1 Axes
 + Level 12.0 Armour
 + Level 4.7 Dodging
 + Level 1.0 Stealth
 + Level 12.8 Shields


You had 9 spell levels left.
You didn't know any spells.
Your spell library was empty.

Dungeon Overview and Level Annotations

Branches:
Dungeon (1/1)

Altars:
Ashenzari
Cheibriados
Dithmenos
Elyvilon
Fedhas
Gozag
Hepliaklqana
Kikubaaqudgha
Makhleb
Nemelex Xobeh
Okawaru
Qazlal
Ru
Sif Muna
Trog
Uskayaw
Vehumet
Wu Jian
Xom
Yredelemnul
Zin
The Shining One
Beogh
Jiyva
Lugonu


Innate Abilities, Weirdness & Mutations

You reflexively headbutt those who attack you in melee.
You have a pair of horns on your head.


Message History

You slice the iron troll!!
You headbutt the iron troll, but do no damage.
The iron troll is moderately wounded.
The iron troll bites you!
* * * LOW HITPOINT WARNING * * *
The iron troll claws you but does no damage.
You block the iron troll's attack.
You slash the iron troll! Your headbutt misses the iron troll.
The iron troll is heavily wounded.
Unknown command.
You slice the iron troll!!
The iron troll is severely wounded.
The iron troll bites you.
* * * LOW HITPOINT WARNING * * *
The iron troll claws you.
* * * LOW HITPOINT WARNING * * *
You block the iron troll's attack.
You completely miss the iron troll.
The iron troll is severely wounded.
Unknown command.
You hit the iron troll.
The iron troll is severely wounded.
You slash the iron troll!
The iron troll is almost dead.
You block the iron troll's attack.
The iron troll claws you but does no damage.
The iron troll closely misses you.
You barely miss the iron troll.
The iron troll is almost dead.
You hit the iron troll.
The iron troll is almost dead.
You are no longer berserk.
You are exhausted.
You feel yourself slow down.
You barely miss the iron troll.
The iron troll is almost dead.
You block the iron troll's attack.
The iron troll claws you but does no damage.
The iron troll claws you!
You die...

#..# #..# #..#
###### #..# .##..#
#..# .##..# #..#
.''..# #..#
.''..##########T@#
.##...........)[.#
.##.รท............#
##################


You could see an iron troll.

Vanquished Creatures
  2 deep troll shamans (D)
  3 deep trolls (D)
  A guardian mummy (D)
  A polar bear (D)
  Prince Ribbit (D)
  5 yaks (D)
  A steam dragon (D)
  A black bear (D)
  An eye of draining (D)
  A centaur (D)
  A scorpion (D)
  A quasit (D)
  A hound (D)
  An orc priest (D)
  An orc wizard (D)
  An adder (D)
  A river rat (D)
  A white imp (D)
  A leopard gecko (D)
  2 orcs (D)
  2 ball pythons (D)
  2 hobgoblins (D)
  A jackal (D)
  A frilled lizard (D)
  A quokka skeleton (D)
  3 rats (D)
38 creatures vanquished.

Notes
Turn   | Place    | Note
-------+----------+-------------------------------------------
     0 | D        | mhtbhm the Minotaur Fighter began the quest for the Orb.
     0 | D        | Reached XP level 1. HP: 19/19 MP: 0/0
    19 | D        | Found a bloodstained altar of Trog.
    19 | D        | Found a shimmering blue altar of Sif Muna.
    19 | D        | Found a viscous altar of Jiyva.
    19 | D        | Found a hazy altar of Hepliaklqana.
    19 | D        | Found an opulent altar of Gozag.
    22 | D        | Found a glowing golden altar of the Shining One.
    22 | D        | Found a glowing silver altar of Zin.
    22 | D        | Found a basalt altar of Yredelemnul.
    22 | D        | Found a shimmering altar of Xom.
    22 | D        | Found an ornate altar of the Wu Jian Council.
    22 | D        | Found a sacrificial altar of Ru.
    22 | D        | Found a stormy altar of Qazlal.
    22 | D        | Found an iron altar of Okawaru.
    22 | D        | Found a sparkling altar of Nemelex Xobeh.
    22 | D        | Found a burning altar of Makhleb.
    22 | D        | Found a blossoming altar of Fedhas.
    22 | D        | Found a white marble altar of Elyvilon.
    22 | D        | Found a shadowy altar of Dithmenos.
    22 | D        | Found a snail-covered altar of Cheibriados.
    24 | D        | Found a radiant altar of Vehumet.
    24 | D        | Found a corrupted altar of Lugonu.
    24 | D        | Found a roughly hewn altar of Beogh.
    26 | D        | Became a worshipper of Trog the Wrathful
    80 | D        | Reached * piety under Trog
    87 | D        | Noticed Prince Ribbit
    91 | D        | Reached ** piety under Trog
    92 | D        | Reached skill level 3 in Axes
    92 | D        | Reached XP level 2. HP: 23/28 MP: 1/1
    93 | D        | Reached skill level 5 in Armour
    93 | D        | Killed Prince Ribbit
    94 | D        | Reached skill level 6 in Axes
    94 | D        | Reached XP level 3. HP: 15/41 MP: 2/2
    94 | D        | Reached XP level 4. HP: 18/49 MP: 3/3
    94 | D        | Reached XP level 5. HP: 20/55 MP: 4/4
   258 | D        | Reached *** piety under Trog
   262 | D        | Reached XP level 6. HP: 51/62 MP: 5/5
   275 | D        | Reached skill level 7 in Axes
   289 | D        | Reached **** piety under Trog
   290 | D        | Reached skill level 10 in Armour
   290 | D        | Reached skill level 1 in Dodging
   356 | D        | Reached skill level 10 in Fighting
   375 | D        | Reached ***** piety under Trog
   384 | D        | Noticed a steam dragon
   394 | D        | Killed a steam dragon
   395 | D        | Reached skill level 8 in Axes
   395 | D        | Reached skill level 10 in Shields
   395 | D        | Reached XP level 7. HP: 65/72 MP: 0/6
   395 | D        | Received a gift from Trog
   398 | D        | Reached skill level 9 in Axes
   435 | D        | Found the +6 Majin-Bo {vamp, MP+6 Int+6}
   576 | D        | Found a hide-covered altar of Uskayaw.
   576 | D        | Found an ancient bone altar of Kikubaaqudgha.
   576 | D        | Found a broken altar of Ashenzari.
   603 | D        | Noticed a polar bear
   603 | D        | Noticed a yak
   604 | D        | Noticed a yak
   604 | D        | Noticed a yak
   605 | D        | Noticed a yak
   605 | D        | Noticed a yak
   612 | D        | Killed a yak
   613 | D        | Reached skill level 10 in Axes
   618 | D        | Killed a yak
   618 | D        | Killed a yak
   619 | D        | Reached skill level 11 in Axes
   619 | D        | Reached XP level 8. HP: 44/82 MP: 2/7
   621 | D        | Killed a polar bear
   622 | D        | Reached skill level 12 in Axes
   849 | D        | Noticed a deep troll
   849 | D        | Noticed a deep troll shaman
   849 | D        | Noticed an iron troll
   849 | D        | Noticed a deep troll
   849 | D        | Noticed a deep troll shaman
   849 | D        | Noticed a deep troll
   849 | D        | Noticed a guardian mummy
   855 | D        | Killed a deep troll
   855 | D        | Received a gift from Trog
   855 | D        | Reached ****** piety under Trog
   856 | D        | Reached skill level 14 in Axes
   856 | D        | Reached XP level 9. HP: 90/90 MP: 2/8
   857 | D        | Killed a deep troll shaman
   858 | D        | Reached skill level 15 in Axes
   859 | D        | Killed a deep troll
   863 | D        | Killed a guardian mummy
   864 | D        | Killed a deep troll
   865 | D        | Reached skill level 16 in Axes
   865 | D        | Reached XP level 10. HP: 49/101 MP: 3/9
   867 | D        | Killed a deep troll shaman
   868 | D        | Reached skill level 17 in Axes
   868 | D        | Reached skill level 1 in Stealth
   877 | D        | Slain by an iron troll

Illustrated notes

Levels and vault maps discovered:
D:        pitsprint [storerooms_1, entrance_room_1, metal_vault_1, armoury_1,
          mini_pit_1, grid_room_1, main_hall_1, silver_pit, the_coven_3,
          the_vestibule_1, steel_vault_5, golden_pit, hallway_of_sentries,
          crystal_vault_2, iron_vault_4, final_vault]

Skill      XL: |  1  2  3  4  5  6  7  8  9 10 |
---------------+-------------------------------+-----
Fighting       | 4 8 10 11 12 13 | 13.7
Armour         | 4 8 10 11 12 | 12.0
Shields        | 4 7 8 10 11 12 | 12.8
Axes           | 3 6 8 11 14 16 17 | 17.1
Dodging        | 1 3 4 |  4.7
Stealth        | 1 |  1.0

Action                   |  1- 3 |  4- 6 |  7- 9 | 10-12 || total
-------------------------+-------+-------+-------+-------++-------
Melee: Hand axe          |    14 |    60 |     4 |       ||    78
       Headbutt          |     2 |     7 |     5 |     2 ||    16
       War axe           |     1 |       |       |       ||     1
       Broad axe         |       |       |    28 |    11 ||    39
Invok: Berserk           |     1 |     1 |     2 |       ||     4
Armor: Scale mail        |     5 |       |       |       ||     5
       Chain mail        |       |    42 |     1 |       ||    43
       Ring mail         |       |       |    24 |     4 ||    28
Dodge: Dodged            |     3 |    16 |    25 |     2 ||    46
Block: Kite shield       |     7 |    44 |    35 |     6 ||    92

Table legend: (Time is in decaauts)
 A = Elapsed time spent in this place.
 B = Non-inter-level travel time spent in this place.
 C = Inter-level travel time spent in this place.
 D = Time resting spent in this place.
 E = Time spent auto-exploring this place.
 F = Levels seen in this place.
 G = Mean time per level.
                   A        B        C        D        E       F      G
               +--------+--------+--------+--------+--------+-----+--------+
         Total |    901 |    901 |      0 |    389 |     84 |   1 |  901.0 |
       Dungeon |    901 |    901 |      0 |    389 |     84 |   1 |  901.0 |
               +--------+--------+--------+--------+--------+-----+--------+

Top non-repeatable levels by time:
       D: 901 daAuts
